Map: Romanticide LE

Players

Ranger

  • Race: Protoss Protoss
  • Spawn Location: 11:00

EnDerr - Winner!

  • Race: Zerg Zerg
  • Spawn Location: 5:00

Event: DreamHack SC2 Masters 2020 Winter

VOD

Have the link to the VOD?

Description

Time

  • Played on: Oct. 16, 2020, 6:50 a.m.
  • Length: 14:01

All games in this series

Show
View Real Time Build Order
Export as new Build Order

Ranger Protoss 

Build Orders: 1 Gate Expand 

Get SALT Encoding   

  12  0:00  Probe  
  13  0:12  Probe  
  14  0:19  Pylon  
  14  0:24  Probe (Chrono Boost)  
  15  0:38  Probe (Chrono Boost)  
  15  0:39  Gateway  
  16  0:46  Probe (Chrono Boost)  
  16  0:47  Assimilator  
  17  0:52  Probe  
  18  1:05  Probe  
  19  1:18  Probe  
  20  1:26  Cybernetics Core  
  20  1:32  Nexus  
  20  1:39  Pylon  
  20  1:45  Assimilator  
  20  1:49  Probe  
  21  2:01  Probe  
  21  2:02  Adept (Chrono Boost)  
  24  2:10  Warp Gate  
  24  2:14  Probe  
  25  2:22  Adept (Chrono Boost)  
  25  2:28  Probe  
  28  2:32  Robotics Facility  
  28  2:40  Probe  
  29  2:45  Stalker  
  29  2:47  Probe  
  32  2:52  Probe  
  33  2:58  Gateway  
  33  2:59  Probe  
  34  3:07  Twilight Council  
  34  3:11  Probe (Chrono Boost)  
  36  3:14  Probe (Chrono Boost)  
  36  3:24  Probe (Chrono Boost)  
  36  3:25  Probe (Chrono Boost)  
  36  3:29  Adept, Shield Battery  
  36  3:31  Observer (Chrono Boost)  
  37  3:35  Probe  
  37  3:36  Probe  
  37  3:38  Pylon  
  39  3:45  Warp Prism (Chrono Boost)  
  39  3:47  Probe  
  42  3:52  Probe  
  43  4:01  Probe  
  43  4:02  Adept  
  46  4:06  Resonating Glaives  
  46  4:13  Probe  
  47  4:17  Nexus  
  47  4:19  Probe  
  48  4:29  Probe  
  48  4:30  Assimilator  
  49  4:32  Assimilator  
  49  4:33  Robotics Bay  
  49  4:35  Probe  
  50  4:40  Sentry  
  50  4:42  Zealot  
  54  4:49  Pylon  
  54  4:55  Pylon  
  54  5:07  Pylon, Adept x2, Probe x2  
  54  5:09  Shield Battery  
  58  5:19  Disruptor (Chrono Boost), Probe x2  
  60  5:28  Adept x2  
  60  5:31  Probe x2  
  60  5:34  Gateway  
  58  5:45  Immortal (Chrono Boost)  
  58  5:48  Gateway  
  62  5:52  Gateway  
  62  5:56  Adept x2  
  66  5:57  Probe  
  66  5:59  Probe  
  68  6:08  Gateway  
  68  6:09  Shield Battery  
  64  6:16  Adept x2  
  64  6:18  Disruptor  
  68  6:24  Charge (Chrono Boost)  
  69  6:27  Gateway  
  63  6:42  Adept x2  
  63  6:45  Adept  
  69  6:55  Pylon  
  69  6:57  Pylon  
  69  6:59  Pylon  
  69  7:00  Pylon  
  69  7:06  Probe  
  67  7:12  Adept x2  
  67  7:18  Adept x2  
  58  7:30  Adept x3  
  64  7:39  Adept x3  
  70  7:47  Sentry  
  70  7:48  Nexus  
  70  7:50  Pylon  
  70  7:51  Templar Archives  
  72  7:54  Stalker  
  72  7:55  Sentry  
  76  7:59  Sentry x2  
  76  8:02  Probe x2  
  82  8:09  Pylon  
  82  8:13  Shield Battery  
  82  8:17  Adept x2  
  82  8:18  Probe x2  
  81  8:29  Adept x3  
  81  8:32  Zealot  
  81  8:33  Probe (Chrono Boost)  
  91  8:41  Stalker, Sentry  
  91  8:42  Probe (Chrono Boost)  
  95  8:49  High Templar x3  
  95  8:50  High Templar, Probe (Chrono Boost)  
  95  8:53  Probe (Chrono Boost)  
  105  9:00  Probe (Chrono Boost)  
  103  9:03  Zealot  
  103  9:04  Zealot  
  103  9:05  Zealot  
  103  9:08  Probe  
  111  9:13  Probe x2  
  105  9:20  Probe  
  105  9:23  High Templar  
  105  9:24  High Templar  
  106  9:25  Zealot, Probe x2  
  106  9:28  Archon  
  106  9:31  Immortal (Chrono Boost)  
  110  9:34  Archon x2  
  114  9:39  Probe x2  
  114  9:40  Observer, Probe  
  114  9:42  Assimilator, Stalker  
  119  9:46  Sentry  
  119  9:51  Probe  
  122  9:53  Assimilator  
  122  9:55  Forge  
  122  9:58  Gateway  
  122  10:03  Immortal (Chrono Boost)  
  126  10:10  Robotics Facility  
  126  10:13  Adept  
  126  10:34  Adept x6  
  126  10:35  Adept  
  120  10:39  Probe  
  109  10:47  Protoss Ground Weapons Level 1  
  109  10:48  Probe  
  100  10:51  Gateway  
  100  10:54  Gateway  
  100  10:56  Stalker x3  
  100  10:57  Stalker, Zealot x2  
  100  11:15  Disruptor (Chrono Boost)  
  95  11:19  Zealot x5  
  95  11:29  Stalker  
  95  11:30  Stalker x2  
  99  11:32  Nexus  
  99  11:36  Pylon, Disruptor (Chrono Boost)  
  102  11:45  Stalker x2  
  106  11:49  Zealot x2  
  106  12:00  Zealot x2  
  110  12:01  Zealot  
  110  12:06  Zealot x2  
  112  12:13  Zealot x2  
  107  12:16  Zealot  
  107  12:20  Zealot  
  107  12:22  Zealot  
  97  12:26  Zealot  
  97  12:32  Zealot x2  
  97  12:34  High Templar  
  99  12:38  High Templar  
  99  12:40  High Templar  
  99  12:43  Archon  
  94  12:45  High Templar  
  94  12:47  Probe  
  94  12:49  Probe  
  90  13:01  Pylon  
  90  13:08  High Templar  
  90  13:10  Probe  
  70  13:20  Zealot x2  
  70  13:21  Zealot x2  
  70  13:22  Zealot x2  
  70  13:25  High Templar  
  70  13:26  Zealot  
  74  13:30  Archon  
  61  13:40  Zealot x3  
  61  13:41  Zealot  
Show
View Real Time Build Order
Export as new Build Order

EnDerr Zerg - Winner!

Build Orders: Pool First 

Get SALT Encoding   

  12  0:00  Drone  
  13  0:12  Overlord  
  13  0:17  Drone  
  14  0:31  Drone x2  
  16  0:42  Spawning Pool  
  15  0:43  Extractor  
  15  0:46  Drone  
  15  0:50  Drone  
  16  0:58  Drone  
  17  1:23  Drone  
  18  1:27  Hatchery  
  18  1:29  Zergling x2  
  18  1:36  Queen  
  20  1:45  Metabolic Boost  
  20  1:51  Overlord  
  20  2:00  Drone  
  20  2:01  Drone  
  22  2:14  Drone x2  
  24  2:25  Hatchery  
  24  2:37  Drone x2  
  24  2:45  Drone x2  
  24  2:46  Drone x2  
  28  2:52  Zergling x4  
  30  3:01  Zergling x4  
  30  3:05  Queen  
  32  3:11  Overlord  
  32  3:20  Drone  
  32  3:23  Drone  
  32  3:25  Drone  
  33  3:32  Drone  
  34  3:36  Queen  
  34  3:37  Drone  
  34  3:38  Drone  
  38  3:44  Queen, Overlord  
  38  3:48  Drone x2  
  41  3:56  Drone x2  
  41  4:11  Extractor  
  41  4:12  Roach Warren  
  39  4:19  Drone x3  
  39  4:20  Drone x2  
  39  4:22  Overlord x2  
  39  4:23  Zergling x4  
  39  4:24  Zergling x2  
  47  4:25  Zergling x2  
  47  4:26  Zergling x2  
  49  4:43  Zergling x6  
  49  4:44  Zergling x6  
  55  4:51  Overlord  
  55  4:53  Roach x5  
  55  4:58  Roach  
  67  5:03  Roach x2  
  67  5:04  Roach  
  73  5:09  Overlord  
  72  5:16  Zergling x10  
  72  5:19  Zergling x2  
  72  5:20  Zergling x2  
  78  5:25  Zergling x6  
  78  5:26  Zergling x2  
  80  5:34  Zergling x8  
  83  5:39  Zergling x4  
  83  5:41  Zergling x2  
  83  5:42  Zergling x2  
  85  5:45  Zergling x2  
  84  5:50  Zergling x2  
  84  5:53  Zergling x2  
  84  5:55  Zergling x2  
  85  5:57  Ravager x4  
  85  5:59  Zergling x2  
  87  6:04  Zergling x4  
  87  6:05  Zergling x2  
  86  6:15  Ravager  
  86  6:16  Drone, Ravager  
  86  6:17  Drone x2  
  89  6:21  Drone  
  89  6:25  Drone  
  88  6:27  Drone  
  88  6:30  Drone x2  
  88  6:34  Zergling x4  
  88  6:38  Zergling x4  
  87  6:43  Zergling x10  
  86  6:49  Zergling x2  
  86  6:50  Zergling x12  
  86  6:54  Zergling x2  
  88  6:59  Zergling x2  
  88  7:00  Zergling x2  
  90  7:03  Zergling x4  
  90  7:05  Zergling x2  
  85  7:08  Roach x2  
  85  7:12  Zergling x2  
  82  7:16  Zergling x4  
  82  7:17  Zergling x2  
  82  7:19  Zergling x2  
  82  7:21  Evolution Chamber, Roach  
  83  7:25  Zergling x2  
  83  7:26  Zergling x2  
  74  7:34  Lair  
  70  7:41  Roach  
  70  7:42  Roach, Zergling x6  
  70  7:43  Zergling x4  
  73  7:47  Zerg Melee Weapons Level 1  
  73  7:50  Drone x2  
  75  7:56  Ravager x3  
  78  7:58  Drone  
  78  7:59  Drone x4  
  83  8:08  Zergling x2  
  83  8:09  Zergling x8  
  83  8:12  Zergling x4  
  88  8:14  Zergling x2  
  88  8:16  Zergling x2  
  88  8:22  Zergling x2  
  88  8:25  Zergling x2  
  79  8:34  Extractor, Glial Reconstitution  
  76  8:36  Roach x4  
  76  8:40  Roach x2  
  76  8:41  Hatchery  
  86  8:48  Roach x3  
  89  8:54  Zergling x2  
  90  8:56  Overlord x3  
  89  9:13  Drone  
  89  9:14  Drone x10, Extractor  
  89  9:15  Extractor  
  91  9:28  Zergling x16  
  98  9:37  Roach x2  
  102  9:39  Roach x2  
  102  9:40  Roach  
  102  9:44  Roach  
  110  9:46  Roach  
  110  9:48  Roach  
  114  9:54  Roach x3  
  114  9:55  Zerg Missile Weapons Level 1, Overlord  
  120  10:10  Overlord x3  
  121  10:14  Roach x4  
  127  10:26  Roach x3  
  127  10:27  Roach x3  
  127  10:28  Roach  
  117  10:29  Roach  
  117  10:31  Roach x2  
  117  10:33  Roach  
  116  10:36  Roach  
  116  10:38  Roach  
  116  10:40  Zergling x2  
  112  10:51  Zergling x10  
  115  10:58  Zergling x2  
  101  11:20  Drone x3  
  101  11:21  Drone x5  
  101  11:25  Zergling x14  
  108  11:26  Zergling x16  
  108  11:28  Ravager  
  108  11:29  Ravager x4  
  108  11:30  Ravager x2  
  127  11:36  Drone x3  
  127  11:37  Drone  
  127  11:39  Drone  
  132  11:41  Drone x2  
  132  11:43  Drone  
  132  11:46  Drone  
  136  11:53  Drone x3  
  137  12:12  Zergling x2  
  137  12:14  Zergling x6  
  137  12:15  Zergling x2  
  132  12:16  Zergling x6  
  132  12:19  Zergling x2  
  132  12:20  Zergling x4  
  132  12:21  Zergling x2  
  132  12:22  Zergling x6  
  128  12:25  Zergling x2  
  128  12:28  Zergling x14  
  116  12:33  Zergling x16  
  123  12:39  Roach  
  123  12:43  Roach x2  
  128  12:44  Roach  
  126  12:51  Roach x2  
  126  12:53  Roach  
  129  13:00  Drone x2, Spore Crawler  
  129  13:01  Drone x2  
  129  13:02  Roach  
  131  13:13  Roach  
  131  13:14  Roach x4  
  131  13:17  Hatchery, Roach  
  131  13:18  Roach  
  131  13:19  Roach  
  126  13:20  Zergling x2  
  126  13:21  Zergling x4  
  126  13:28  Zergling x2  
  126  13:29  Zergling x8  
  126  13:30  Zergling x2  
  126  13:31  Zergling x2  
  126  13:32  Zergling x2  
  131  13:36  Zergling x2  
  131  13:38  Zergling x4  
  131  13:39  Zergling x2  
  131  13:40  Zergling x2  
  135  13:44  Zergling x2  
Tags
 
Add a new tag
Caveats
  • Supply blocks, unpowered buildings, or Contaminate may cause inaccurate times.
  • Supply counts are checked every 10 seconds.